 Dungeon Crawl Stone Soup version 0.31-a0-472-g43a2ca8e1b (webtiles) character file.

Game seed: 4901360723201697988

166 Ethylacetat the Changeling (level 5, 0/35 HPs)
             Began as an Octopode Shapeshifter on Aug 6, 2023.
             Slain by a hobgoblin
             ... wielding a +0 scythe
              (9 damage)
             ... on level 4 of the Dungeon.
             The game lasted 00:02:08 (2446 turns).

Ethylacetat the Changeling (Octopode Shapeshifter)  Turns: 2446, Time: 00:02:09

Health: 0/35       AC:  1    Str: 14    XL:     5   Next: 47%
Magic:  5/5        EV: 13    Int: 11    God:
Gold:   219        SH:  0    Dex: 14    Spells: 4/4 levels left

rFire   . .          .
                       - Unarmed
rCold   . . .        (no shield)
rNeg    . . .        (helmet currently unavailable)
rPois   .            (no amulet)
rElec   .            (no ring)
rCorr   .            (no ring)
SInv    .            (no ring)
Will    .....        (no ring)
Stlth   ++           (no ring)
HPRegen 0.25/turn    (no ring)
MPRegen 0.09/turn    (no ring)
                     (no ring)

%: no passive effects
@: beast-form
A: beast (slay +2), almost no armour, amphibious, 8 rings, camouflage 1,
gelatinous body 1, (nimble swimmer 1), tentacles
a: Begin Untransformation


You were on level 4 of the Dungeon.
You were a hulking beast.
You visited 1 branch of the dungeon, and saw 4 of its levels.

You collected 243 gold pieces.
You spent 24 gold pieces at shops.

Inventory:

Talismans
 b - a beast talisman (active)
Wands
 m - a wand of paralysis (8)
Scrolls
 d - 5 scrolls of teleportation {unknown}
 e - 3 scrolls of identify
 n - a scroll of revelation {unknown}
Potions
 a - 3 potions of lignification
 c - a potion of ambrosia {unknown}
 f - a potion of enlightenment {unknown}
 g - a potion of degeneration {unknown}
 h - a potion of curing {unknown}
 i - a potion of berserk rage {unknown}
 j - a potion of haste {unknown}
 k - a potion of invisibility {unknown}
 l - a potion of brilliance {unknown}


   Skills:
 + Level 2.6 Fighting
 - Level 2.0 Dodging
 + Level 3.9 Unarmed Combat
 * Level 4.2 Shapeshifting


You had 4 spell levels left.
You didn't know any spells.
Your spell library contained the following spells:

 Spells                   Type           Power      Damage    Failure   Level
 Necrotise                Necr           0%         1d4       34%         1
 Inner Flame              Hex/Fire       0%         N/A       71%         3
 Vampiric Draining        Necr           0%         2d6       71%         3
 Agony                    Necr           0%         N/A       100%        5
 Yara's Violent Unravell  Hex/Tmut       0%         3d3       100%        5
 Enfeeble                 Hex            0%         N/A       100%        7


Dungeon Overview and Level Annotations

Branches:
Dungeon (4/15)
 Temple: D:4-7

Altars:
Sif Muna

Shops:
D:3 *


Innate Abilities, Weirdness & Mutations

You are a hulking beast.
Your limbs bulge with bestial killing power. (Slay +2)
You cannot wear most types of armour.
You are amphibious.
You can wear up to eight rings at the same time.
Your skin changes colour to match your surroundings (Stealth+).
Your rubbery body absorbs attacks. (AC +1, EV +1)
((You are camouflaged when in or above water. (Stealth+)))
You have tentacles for arms and can constrict up to eight enemies at once.


Message History

Found a fizzy puce potion.
An adder comes into view.
There is a stone staircase leading up here.
You climb upwards.
There is a stone staircase leading down here.
You start resting.
HP restored.
You climb downwards.
The adder hisses angrily.
There is a stone staircase leading up here.
The hobgoblin barely misses you. The hobgoblin closely misses you.
The hobgoblin hits you from afar with a +0 scythe.
The hobgoblin barely misses you. The hobgoblin barely misses you.
The hobgoblin closely misses you. x3
You barely miss the hobgoblin. Your grab misses the hobgoblin.
The hobgoblin closely misses you. The hobgoblin barely misses you.
The hobgoblin completely misses you.
The hobgoblin hits you with a +0 scythe!
You tentacle-slap the hobgoblin.
You kill the hobgoblin!
The hobgoblin hits you with a +0 scythe.
The hobgoblin misses you.
The hobgoblin hits you with a +0 scythe.
The adder misses you.
You tentacle-slap the adder. You grab the adder.
The adder is heavily wounded.
You constrict the adder. The hobgoblin barely misses you.
The hobgoblin misses you. The hobgoblin barely misses you. The adder bites you.
* * * LOW HITPOINT WARNING * * *
You tentacle-slap the adder.
The adder is almost dead.
You constrict the adder, but do no damage.
The adder bites you.
* * * LOW HITPOINT WARNING * * *
The hobgoblin barely misses you. The hobgoblin misses you.
The hobgoblin closely misses you.
You tentacle-slap the adder.
You kill the adder!
The hobgoblin hits you with a +0 scythe!
You die...

#..g....##.#.......#
#..g##'###.#.......#
#...#)g.#..........#
###g#.g.#..........##
#.#####...........#
#####.####.........##.#
#....>................#####
#.####...g.g................
###.##hg###.#.######...
#.##.)....#.# .
#!##....###.#
#.....<.....####### #
#####......###....###
..........'....+..
###...##.###....###
#...##..........'
#...##.##.....###


You could see 3 hobgoblins.

Vanquished Creatures
  A hound (D:3)
  Jessica (D:2)
  5 adders
  An ufetubus (D:2)
  A worm (D:2)
  A dart slug (D:1)
  3 orcs (D:4)
  8 endoplasms
  3 giant cockroaches
  4 goblins
  7 hobgoblins
  3 quokkas
  7 ball pythons
  2 bats
  2 frilled lizards (D:1)
  5 kobolds
  7 rats
61 creatures vanquished.

Notes
Turn   | Place    | Note
-------+----------+-------------------------------------------
     0 | D:1      | Ethylacetat the Octopode Shapeshifter began the quest for
                  | the Orb.
     0 | D:1      | Reached XP level 1. HP: 13/13 MP: 1/1
   234 | D:1      | Reached XP level 2. HP: 18/18 MP: 2/2
   692 | D:1      | Found a faded altar of an unknown god.
   932 | D:2      | Noticed Jessica
   937 | D:2      | Killed Jessica
   938 | D:2      | Reached XP level 3. HP: 23/24 MP: 3/3
  1148 | D:2      | Reached XP level 4. HP: 23/29 MP: 4/4
  1592 | D:3      | Reached skill level 4 in Shapeshifting
  1643 | D:3      | Reached XP level 5. HP: 26/35 MP: 5/5
  1911 | D:3      | Found a shimmering blue altar of Sif Muna.
  2029 | D:3      | Found Ukeavit's General Store.
  2032 | D:3      | Bought a scroll of identify for 24 gold pieces
  2446 | D:4      | Slain by a hobgoblin

Illustrated notes

Levels and vault maps discovered:
D:1:      eino_arrival_druids_welcome, layout_loops_cross, serial_forest,
          infiniplex_forest_end_1, infiniplex_forest_corner_1,
          infiniplex_forest_clump_double, infiniplex_forest_end_1,
          infiniplex_forest_clump_large, infiniplex_forest_clump_curved,
          shapermc_ecumenical_altar_mp_vishouse, minmay_misc_feat_enclosed,
          nicolae_figureground_sparkle
D:2:      layout_loops_cross, kennysheep_nub, corexii_leaking_fountain,
          uniq_jessica
D:3:      layout_basic, mainiacjoe_overflow_brackets, serial_shops, shop
D:4:      layout_basic, mainiacjoe_overflow_paths, eino_tiny_chamber,
          sigmund_army

Skill      XL: |  1  2  3  4 |
---------------+-------------+-----
Fighting       | 2 |  2.6
Shapeshifting  | 4 |  4.2
Dodging        | |  2.0
Unarmed Combat | |  3.9

Action                     |  1- 3 |  4- 6 || total
---------------------------+-------+-------++-------
  Melee: Unarmed           |    47 |    62 ||   109
         Constrict         |    10 |    17 ||    27
         Tentacles         |     5 |    10 ||    15
         Punch             |     1 |     2 ||     3
   Stab: Sleeping          |     7 |    13 ||    20
 Armour: Skin              |     3 |       ||     3
  Dodge: Dodged            |    13 |    66 ||    79

Table legend: (Time is in decaauts)
 A = Elapsed time spent in this place.
 B = Non-inter-level travel time spent in this place.
 C = Inter-level travel time spent in this place.
 D = Time resting spent in this place.
 E = Time spent auto-exploring this place.
 F = Levels seen in this place.
 G = Mean time per level.
                   A        B        C        D        E       F      G
               +--------+--------+--------+--------+--------+-----+--------+
         Total |   2439 |   2408 |     31 |     70 |   1975 |   4 |  609.8 |
       Dungeon |   2439 |   2408 |     31 |     70 |   1975 |   4 |  609.8 |
               +--------+--------+--------+--------+--------+-----+--------+

Top non-repeatable levels by time:
     D:1: 930 daAuts
     D:3: 762 daAuts
     D:2: 616 daAuts
     D:4: 130 daAuts
